 Dungeon Crawl Stone Soup version bcrawl-1.21.2-28-g2cb1824106 (webtiles) character file.

Game seed: 9704052578659935087

420 MisterOstroum the Chopper (level 6, -13/39 HPs)
             Began as a Skeleton Fighter on Mar 16, 2020.
             Mangled by Menkaure (20 damage)
             ... on level 4 of the Dungeon.
             The game lasted 00:02:38 (3242 turns).

MisterOstroum the Chopper (Skeleton Fighter)        Turns: 3242, Time: 00:02:38

Health: -13/39     AC:  9    Str: 24      XL:     6   Next: 62%
Magic:  0/6        EV:  9    Int:  6 (7)  God:
Gold:   148        SH: 10    Dex:  8      Spells: 5/5 levels left

rFire    . . .     SeeInvis .   a - +0 war axe
rCold    + . .     Gourm    .   c - +0 medium shield
rNeg     + + +     Faith    .   b - +0 scale mail
rPois    ∞         Spirit   +   h - +0 helmet
rElec    .         Reflect  .   l - +0 cloak
rCorr    .         Harm     .   (no gloves)
MR       .....                  (no boots)
Stlth    ..........             (no amulet)
HPRegen  0.13/turn              (no ring)
MPRegen  0.10/turn              (no ring)

@: no status effects
A: no food or potions, cold resistance 1, deterioration 1, negative energy
resistance 3, powered by death 1, torment resistance, unbreathing, magic shield,
sturdy frame 1, spell healing
a: no special abilities


You were on level 4 of the Dungeon.
You were not hungry.

You visited 1 branch of the dungeon, and saw 4 of its levels.

You collected 148 gold pieces.

Inventory:

Hand Weapons
 a - a +0 war axe (weapon)
Missiles
 f - 304 stones
 o - 38 tomahawks (quivered)
Armour
 b - a +0 scale mail (worn)
 c - a +0 medium shield (worn)
 h - a +0 helmet (worn)
 l - a +0 cloak (worn)
Scrolls
 d - 4 scrolls of identify {unknown}
 e - 3 scrolls of amnesia {unknown}
 g - 2 scrolls of enchant armour {unknown}
 i - 4 scrolls of remove curse {unknown}
 j - a scroll of magic mapping {unknown}
 k - a scroll of teleportation {unknown}
 m - a scroll of blinking {unknown}
 n - a scroll of immolation {unknown}
 p - 2 scrolls of enchant weapon {unknown}
 q - a scroll of fear {unknown}


   Skills:
 * Level 4.7 Fighting
 * Level 5.2 Axes
 + Level 4.3 Armour
 + Level 2.1 Dodging
 + Level 4.7 Shields


You had 5 spell levels left.
You didn't know any spells.
Your spell library was empty.

Dungeon Overview and Level Annotations

Branches:
Dungeon (4/12)
 Temple: D:4-7

Altars:
Cheibriados
Hepliaklqana
Lugonu
Ru
Sif Muna
Trog
Wu Jian
Yredelemnul

Annotations:
D:4 Menkaure


Innate Abilities, Weirdness & Mutations

You do not eat or drink.
You are immune to poison.
Your flesh is cold resistant. (rC+)
Your body sometimes deteriorates upon taking damage.
You are immune to negative energy. (rN+++)
You regenerate a little health from kills.
You are immune to unholy pain and torment.
You can survive without breathing.
When hurt, damage is shared between your health and your magic reserves.
Your movements are slightly less encumbered by armour. (ER -2)
Casting spells heals you.


Message History

The gnoll is severely wounded.
The gnoll closely misses you.
Throwing (i - inventory. (/) - cycle)
o - 45 tomahawks (quivered)
Press: ? - help, Shift-Dir - straight line, f/p - gnoll
Aim: a gnoll, wielding a +0 halberd (severely wounded)
You throw a tomahawk.
The tomahawk completely misses the gnoll.
You block the gnoll's attack.
Throwing (i - inventory. (/) - cycle)
o - 44 tomahawks (quivered)
Press: ? - help, Shift-Dir - straight line, f/p - gnoll
Aim: a gnoll, wielding a +0 halberd (severely wounded)
You throw a tomahawk. The tomahawk hits the gnoll.
You kill the gnoll!
No target in view!
No target in view!
No target in view!
No target in view!
No target in view!
No target in view!
No target in view!
q - a scroll labeled HOAXYG OLASOJA
Things that are here:
a +0 halberd; a +0 spear; a gnoll corpse Menkaure, Prince of Dust comes into view.
Throwing (i - inventory. (/) - cycle)
o - 43 tomahawks (quivered)
Press: ? - help, Shift-Dir - straight line, f - Menkaure
Aim: Menkaure (hasn't noticed you)
You throw a tomahawk.
Menkaure shouts!
The tomahawk hits Menkaure.
Menkaure is lightly damaged.
You hear a shout!
Throwing (i - inventory. (/) - cycle)
o - 42 tomahawks (quivered)
Press: ? - help, Shift-Dir - straight line, f/p - Menkaure
Aim: Menkaure (lightly damaged)
You throw a tomahawk.
The tomahawk hits Menkaure but does no damage.
Menkaure is lightly damaged.
Throwing (i - inventory. (/) - cycle)
o - 41 tomahawks (quivered)
Press: ? - help, Shift-Dir - straight line, f/p - Menkaure
Aim: Menkaure (lightly damaged)
You throw a tomahawk. The tomahawk hits Menkaure.
Menkaure is moderately damaged.
Throwing (i - inventory. (/) - cycle)
o - 40 tomahawks (quivered)
Press: ? - help, Shift-Dir - straight line, f/p - Menkaure
Aim: Menkaure (lightly damaged)
You throw a tomahawk. The tomahawk barely misses Menkaure.
Throwing (i - inventory. (/) - cycle)
o - 39 tomahawks (quivered)
Press: ? - help, Shift-Dir - straight line, f/p - Menkaure
Aim: Menkaure (lightly damaged)
You throw a tomahawk. The tomahawk hits Menkaure.
Menkaure is moderately damaged.
You hit Menkaure but do no damage.
Menkaure is moderately damaged.
You block Menkaure's attack.
You hit Menkaure.
Menkaure is heavily damaged.
A gnoll comes into view. It is wielding a +0 flail.
Menkaure mumbles some strange words.
Menkaure seems to speed up.
You block Menkaure's attack.
The gnoll shouts!
You barely miss Menkaure.
Menkaure is heavily damaged.
You hear a shout!
Menkaure hits you!
Your body deteriorates!
You feel dopey.
You hit Menkaure but do no damage.
Menkaure is heavily damaged.
Menkaure hits you. Menkaure closely misses you.
You closely miss Menkaure.
Menkaure is heavily damaged.
You block Menkaure's attack.
You slash Menkaure!
Menkaure is almost destroyed.
You hit the gnoll. Menkaure hits you!
* * * LOW HITPOINT WARNING * * *
You block Menkaure's attack. The gnoll barely misses you.
A gnoll comes into view. It is wielding a +0 spear.
You are too injured to fight recklessly!
You are too injured to fight recklessly!
You are too injured to fight recklessly!
You are too injured to fight recklessly!
You are too injured to fight recklessly!
You are too injured to fight recklessly!
You are too injured to fight recklessly!
There are monsters nearby!
There are monsters nearby!
There are monsters nearby!
You completely miss Menkaure.
Menkaure is almost destroyed.
You closely miss the gnoll. Menkaure barely misses you.
You block the gnoll's attack. Menkaure closely misses you.
You hit Menkaure but do no damage.
Menkaure is almost destroyed.
You barely miss the gnoll. Menkaure barely misses you.
The gnoll hits you with a +0 flail.
* * * LOW HITPOINT WARNING * * *
Menkaure hits you!!
Ouch! That really hurt!
You die...

######################
#.#...g.......#....#....
#.'g..M@.)....'...)'.... .P
###'#...........#....#... ..≈
#.g #############')''#####
..≈≈#gg #..............)......
..≈≈#####≈≈≈≈≈≈≈≈≈≈≈≈.)†)≈≈≈≈≈
..≈≈≈≈≈≈≈≈≈≈≈≈≈≈≈≈≈≈≈..).≈≈≈≈≈
..≈≈≈≈≈≈≈≈≈≈≈≈≈≈≈≈≈≈≈....)≈≈≈≈
...P.....(....................
>........................[....


You could see Menkaure and 2 gnolls.

Vanquished Creatures
  A phantom (D:4)
  A gnoll shaman (D:4)
  Jessica (D:2)
  Robin (D:3)
  14 gnolls
  2 adders (D:3)
  An ooze (D:2)
  3 worms
  3 leopard geckos
  4 orcs (D:3)
  7 giant cockroaches
  12 goblins
  13 hobgoblins
  7 jackals
  4 bats
  6 frilled lizards
  A jackal skeleton (D:3)
  12 kobolds
  3 rats
96 creatures vanquished.

Notes
Turn   | Place    | Note
-------+----------+-------------------------------------------
     0 | D:1      | MisterOstroum the Skeleton Fighter began the quest for the
                  | Orb.
     0 | D:1      | Reached XP level 1. HP: 14/14 MP: 1/1
   163 | D:1      | Reached XP level 2. HP: 19/19 MP: 2/2
   514 | D:1      | Reached skill level 3 in Axes
   995 | D:2      | Reached XP level 3. HP: 23/23 MP: 3/3
  1242 | D:2      | Noticed Jessica
  1250 | D:2      | Killed Jessica
  1250 | D:2      | Reached skill level 1 in Dodging
  1250 | D:2      | Reached XP level 4. HP: 24/28 MP: 4/4
  1993 | D:3      | Noticed Robin
  2002 | D:3      | Killed Robin
  2002 | D:3      | Reached skill level 4 in Axes
  2152 | D:3      | Reached XP level 5. HP: 29/33 MP: 5/5
  2734 | D:3      | Found a bloodstained altar of Trog.
  2792 | D:4      | Found a sacrificial altar of Ru.
  2794 | D:4      | Found a shimmering blue altar of Sif Muna.
  2794 | D:4      | Found a basalt altar of Yredelemnul.
  2794 | D:4      | Found a hazy altar of Hepliaklqana.
  2797 | D:4      | Found a corrupted altar of Lugonu.
  2797 | D:4      | Found an ornate altar of the Wu Jian Council.
  2798 | D:4      | Found a snail-covered altar of Cheibriados.
  2801 | D:4      | Noticed a phantom
  2865 | D:4      | Killed a phantom
  2865 | D:4      | Gained mutation: You regenerate a little health from kills.
                  | [Skeleton growth]
  2865 | D:4      | Reached XP level 6. HP: 15/39 MP: 4/6
  3110 | D:4      | Reached skill level 5 in Axes
  3229 | D:4      | Noticed Menkaure
  3242 | D:4      | Mangled by Menkaure

Skill      XL: |  1  2  3  4  5  6 |
---------------+-------------------+-----
Axes           | 3 4 5 |  5.2
Dodging        | 1 2 |  2.1
Shields        | 4 |  4.7
Armour         | 4 |  4.3
Fighting       | 4 |  4.7

Action                   |  1- 3 |  4- 6 || total
-------------------------+-------+-------++-------
Melee: War axe           |    84 |   167 ||   251
Throw: Stone             |    88 |   108 ||   196
       Tomahawk          |       |    34 ||    34
Armor: Scale mail        |    24 |    51 ||    75
Dodge: Dodged            |    25 |    62 ||    87
Block: Medium shield     |    40 |    85 ||   125
